 Dungeon Crawl Stone Soup version 0.21-a0-143-g1ab7d47 (webtiles) character file.

299 drasked the Cudgeler (level 6, 0/53 HPs)
             Began as a Hill Orc Fighter on July 25, 2017.
             Was a Follower of Beogh.
             Slain by a worm (7 damage)
             ... on level 4 of the Dungeon.
             The game lasted 00:08:13 (3841 turns).

drasked the Cudgeler (Hill Orc Fighter)             Turns: 3841, Time: 00:08:14

Health: 0/53       AC:  8    Str: 21    XL:     6   Next: 36%
Magic:  6/6        EV:  7    Int:  8    God:    Beogh [*.....]
Gold:   246        SH:  9    Dex: 10    Spells: 5/5 levels left

rFire    . . .     SeeInvis .   a - +0 flail
rCold    . . .     Gourm    .   c - +0 shield
rNeg     . . .     Faith    .   b - +0 scale mail
rPois    .         Spirit   .   (no helmet)
rElec    .         Reflect  .   i - +0 cloak
rCorr    .         Harm     .   (no gloves)
MR       .....                  (no boots)
Stlth    ..........             (no amulet)
HPRegen  0.17/turn              (no ring)
MPRegen  0.10/turn              (no ring)

@: no status effects
A: no striking features
a: Renounce Religion


You were on level 4 of the Dungeon.
You worshipped Beogh.
Beogh was aware of your devotion.
You were not hungry.

You visited 1 branch of the dungeon, and saw 4 of its levels.
You also visited: Ossuary.

You collected 246 gold pieces.

Inventory:

Hand Weapons
 a - a +0 flail (weapon)
Armour
 b - a +0 scale mail (worn)
 c - a +0 shield (worn)
 i - a +0 cloak (worn)
   (You found it on level 1 of the Dungeon)
Scrolls
 e - a scroll of immolation {!r}
 g - a scroll of recharging {unknown}
 h - 2 scrolls of fog
 l - a scroll of random uselessness
 n - a scroll of amnesia
 r - a scroll of identify {unknown}
 t - a scroll of remove curse
 u - 3 scrolls of teleportation
Potions
 d - a potion of might
 j - a potion of ambrosia {unknown}
 k - 2 potions of lignification {unknown}
 m - a potion of brilliance {unknown}
 o - a potion of agility {unknown}
 p - 2 potions of heal wounds {unknown}
 s - a potion of curing
 v - a potion of resistance {unknown}
 w - 2 potions of flight {unknown}
 x - 2 potions of degeneration {unknown}
 z - 2 potions of magic {unknown}
Comestibles
 f - a bread ration {@e1}
 q - a royal jelly


   Skills:
 - Level 4.6 Fighting
 * Level 5.6 Maces & Flails
 + Level 4.0 Armour
 + Level 4.1 Shields


You had 5 spell levels left.
You didn't know any spells.

Dungeon Overview and Level Annotations

Branches:
Dungeon (4/15)
 Temple: D:4-7

Altars:
Makhleb
Wu Jian
Zin
The Shining One


Message History

The river rat bites you. The adder barely misses you.
You take 2 damage, and have 32/53 hp.
You barely miss the adder. The adder bites you but does no damage.
The river rat bites you but does no damage.
The adder bites you but does no damage.
The river rat bites you but does no damage.
You closely miss the adder. The adder bites you but does no damage.
The river rat barely misses you.
Your shield and scale mail prevent you from hitting the adder.
The adder bites you but does no damage. The river rat bites you!
You block the adder's attack.
You take 8 damage, and have 24/53 hp.
You hit the adder. You block the adder's attack.
The river rat bites you but does no damage.
The adder barely misses you.
You hit the adder but do no damage. The river rat bites you!
You block the adder's attack. The river rat barely misses you.
You take 7 damage, and have 18/53 hp.
You barely miss the adder.
You hear the quick rusting of a drain nearby.
The adder bites you.
You are poisoned.
The adder poisons you!
The river rat bites you but does no damage.
The adder bites you.
* * * LOW HITPOINT WARNING * * *
You are more poisoned.
The adder poisons you!
You take 4 damage, and have 14/53 hp.
You closely miss the adder.
You feel sick. The adder barely misses you. The river rat bites you.
* * * LOW HITPOINT WARNING * * *
You take 6 damage, and have 8/53 hp.
You sock the adder!
You kill the adder!
Beogh accepts your kill.
You feel sick. The river rat bites you.
* * * LOW HITPOINT WARNING * * *
You take 5 damage, and have 3/53 hp.
It was a potion of curing.
You feel better. You block the river rat's attack.
You regained 9 hp, and now have 12/53 hp.
You sock the river rat!
You kill the river rat!
Beogh accepts your kill.
You eat one of the 2 royal jellies.
That royal jelly was delicious!
You enter the shallow water.
Moving in this stuff is going to be slow.
Things that are here:
an inedible chunk of flesh {@w0}; an adder corpse; a river rat skeleton An adder and 2 worms come into view.
The adder hisses angrily.
You hear an angry hiss.
The adder moves out of view.
Things that are here:
an inedible chunk of flesh {@w0}; an adder corpse; a river rat skeleton You miss the adder.
You block the adder's attack. x2
You hit the adder. You block the adder's attack. The adder barely misses you.
You barely miss the adder. The adder barely misses you.
Your shield prevents you from hitting the adder.
The adder bites you but does no damage. x2
You closely miss the adder. The adder bites you.
* * * LOW HITPOINT WARNING * * *
You are poisoned.
The adder poisons you!
You take 1 damage, and have 14/53 hp.
You miss the adder.
You feel sick. The adder bites you but does no damage. The adder bites you.
* * * LOW HITPOINT WARNING * * *
You take 4 damage, and have 10/53 hp.
You barely miss the adder. The adder bites you.
* * * LOW HITPOINT WARNING * * *
You are more poisoned.
The adder poisons you!
You take 2 damage, and have 8/53 hp.
You feel better. You block the adder's attack.
You regained 11 hp, and now have 19/53 hp.
You sock the adder!
You kill the adder!
Beogh accepts your kill. The worm bites you!
* * * LOW HITPOINT WARNING * * *
You see here an adder corpse.
You take 6 damage, and have 13/53 hp.
You hit the worm. You block the worm's attack.
You sock the worm! You hit the worm. The worm barely misses you.
You hit the worm. The worm barely misses you.
You sock the worm!
You kill the worm!
Beogh accepts your kill.
You hit the worm. The worm bites you!
* * * LOW HITPOINT WARNING * * *
You take 8 damage, and have 6/53 hp.
You hit the worm. You barely miss the worm. You block the worm's attack.
You sock the worm! The worm bites you but does no damage.
You hit the worm but do no damage. You barely miss the worm.
You block the worm's attack.
Your shield and scale mail prevent you from hitting the worm.
The worm bites you!
You die...

.........,,,,,,,,*≈*≈**≈≈≈*,,>,,,
...######*********≈*≈**≈*≈*,,,,,,
...# *≈*≈≈*≈*≈*,**,,,
...###############≈**≈*≈*≈*,**,,,
......#......)...#≈≈≈≈*≈*≈*,**,,,
..###.#.########.#***≈*≈*≈*,,*,,,
....#,#.#........#≈≈≈≈≈≈*∩**,*,,,
..#.#,#.#.######.#S#########.***,
....#,#.#,* #@#ww≈≈≈≈≈≈≈..****
..###,#.#,* #w####≈#≈#≈≈..,* *
..+,,,#.#,* #...%wS≈≈.≈..#,***
..#***#.#,* #.....≈......#,,**
..# #.#,* #............#*,*
..#####.#,* #....?..)$...#*,**
........#,* ##############*,,*
..#######,* **,* ..#******,* *,*


You could see a worm.

Vanquished Creatures
  Menkaure (Ossuary)
  An orc wizard (D:3)
  A mummy (Ossuary)
  2 river rats (D:4)
  6 adders
  An ooze (D:2)
  7 worms
  A dart slug (D:3)
  2 leopard geckos
  9 orcs (D:3)
  2 ball pythons
  4 giant cockroaches
  3 gnoll zombies (Ossuary)
  5 goblins
  11 hobgoblins
  14 jackals
  4 kobolds
  8 bats
  4 frilled lizards
  2 gnoll skeletons (Ossuary)
  2 goblin skeletons (Ossuary)
  2 goblin zombies (Ossuary)
  4 hobgoblin skeletons (Ossuary)
  6 hobgoblin zombies (Ossuary)
  3 kobold skeletons (Ossuary)
  3 kobold zombies (Ossuary)
  3 orc skeletons (Ossuary)
  3 orc zombies (Ossuary)
  11 rats
  A rat skeleton (Ossuary)
  A rat zombie (Ossuary)
127 creatures vanquished.

Vanquished Creatures (others)
  2 mummies (Ossuary)
  A bat (D:3)
  3 gnoll skeletons (Ossuary)
  A gnoll zombie (Ossuary)
  A hobgoblin skeleton (Ossuary)
  3 hobgoblin zombies (Ossuary)
  2 kobold skeletons (Ossuary)
  A kobold zombie (Ossuary)
  2 orc skeletons (Ossuary)
  2 rat skeletons (Ossuary)
  2 rat zombies (Ossuary)
20 creatures vanquished.

Grand Total: 147 creatures vanquished

Notes
Turn   | Place    | Note
-------+----------+-------------------------------------------
     0 | D:1      | drasked the Hill Orc Fighter began the quest for the Orb.
     0 | D:1      | Reached XP level 1. HP: 19/19 MP: 1/1
   157 | D:1      | Reached XP level 2. HP: 13/27 MP: 2/2
   481 | D:1      | Reached skill level 3 in Maces & Flails
   825 | D:1      | Reached skill level 4 in Fighting
   957 | D:1      | Reached XP level 3. HP: 29/33 MP: 3/3
  1216 | D:2      | HP: 8/33 [worm (3)]
  1221 | D:2      | HP: 7/33 [frilled lizard (1)]
  1572 | D:2      | Reached skill level 4 in Maces & Flails
  1613 | D:2      | Reached XP level 4. HP: 40/40 MP: 4/4
  1672 | D:2      | Noticed a cacodemon
  1673 | D:2      | Found a burning altar of Makhleb.
  1676 | D:2      | Found a glowing silver altar of Zin.
  1676 | D:2      | Noticed an angel
  1843 | D:2      | Found a glowing golden altar of the Shining One.
  2383 | D:3      | Found an ornate altar of the Wu Jian Council.
  2488 | D:3      | Reached XP level 5. HP: 35/47 MP: 5/5
  2876 | D:3      | Became a worshipper of Beogh the Brigand
  2891 | D:3      | Reached skill level 5 in Maces & Flails
  3347 | D:4      | Found a sand-covered staircase.
  3374 | Ossuary  | Entered an ossuary
  3505 | Ossuary  | Reached * piety under Beogh
  3638 | Ossuary  | Noticed Menkaure
  3644 | Ossuary  | Killed Menkaure
  3644 | Ossuary  | Reached XP level 6. HP: 53/53 MP: 6/6
  3780 | D:4      | Reached skill level 4 in Armour
  3780 | D:4      | Reached skill level 4 in Shields
  3802 | D:4      | HP: 12/53 [poisoned by an adder]
  3803 | D:4      | HP: 3/53 [river rat (4)]
  3825 | D:4      | HP: 13/53 [poisoned by an adder]
  3835 | D:4      | HP: 6/53 [worm (8)]
  3841 | D:4      | Slain by a worm

Vault maps used:
D:1:      dpeg_arrival_three_bigger_balls
D:2:      grunt_temple_overflow_order_and_chaos_2, marbit_many_paths,
          minmay_tromino_v4_b
D:3:      nicolae_overflow_crystal_walls, grunt_decor_mini_mirrors,
          minmay_quantized
D:4:      grunt_dithmenos_smoke_and_mirrors,
          chequers_temple_overflow_minitemple, nicolae_ossuary_entry_ruins,
          lightli_sewer_entry_pipes, first_bread, serial_shops, shop,
          minmay_surrounded
Ossuary:  ossuary_due_pyramid

Skill      XL: |  1  2  3  4  5  6 |
---------------+-------------------+-----
Maces & Flails | 3 4 5 |  5.6
Fighting       | 4 |  4.6
Armour         | 4 |  4.0
Shields        | 4 |  4.1

Action                   |  1- 3 |  4- 6 || total
-------------------------+-------+-------++-------
Melee: Flail             |   154 |   306 ||   460
Invok: Convert to Beogh  |       |     1 ||     1
  Use: Scroll            |       |     9 ||     9
       Potion            |       |     2 ||     2
  Eat: Chunk             |     2 |     7 ||     9
       Royal jelly       |       |     1 ||     1
Armor: Scale mail        |    71 |   117 ||   188
Dodge: Dodged            |    56 |    74 ||   130
Block: Shield            |    98 |   151 ||   249

Vault maps used:
D:1:      dpeg_arrival_three_bigger_balls
D:2:      grunt_temple_overflow_order_and_chaos_2, marbit_many_paths,
          minmay_tromino_v4_b
D:3:      nicolae_overflow_crystal_walls, grunt_decor_mini_mirrors,
          minmay_quantized
D:4:      grunt_dithmenos_smoke_and_mirrors,
          chequers_temple_overflow_minitemple, nicolae_ossuary_entry_ruins,
          lightli_sewer_entry_pipes, first_bread, serial_shops, shop,
          minmay_surrounded
Ossuary:  ossuary_due_pyramid

Table legend:
 A = Turns spent in this place as a percentage of turns spent in the entire game.
 B = Non-inter-level travel turns spent in this place as a percentage of non-inter-level travel turns spent in the entire game.
 C = Inter-level travel turns spent in this place as a percentage of turns spent in this place.
 D = Turns resting spent in this place as a percentage of non-inter-level travel turns spent in this place.
 E = Turns spent auto-exploring this place as a percentage of non-inter-level travel turns spent in this place.
 F = Non-inter-level travel turns spent in this place divided by the number of levels of this place that you've seen.
                   A       B       C       D       E      F
               +-------+-------+-------+-------+-------+----------------------
         Total | 100.0 | 100.0 |   0.5 |   0.9 |   6.6 | 326.8
       Dungeon |  78.3 |  78.2 |   0.6 |   1.1 |   7.9 | 319.5
       Ossuary |  21.7 |  21.8 |   0.0 |   0.0 |   2.0 | 356.0
               +-------+-------+-------+-------+-------+----------------------

Table legend:
 A = Kills in this place as a percentage of kills in entire the game.
 B = Kills by you in this place as a percentage of kills by you in the entire game.
 C = Kills by friends in this place as a percentage of kills by friends in the entire game.
 D = Other kills in this place as a percentage of other kills in the entire game.
 E = Experience gained in this place as a percentage of experience gained in the entire game.
 F = Experience gained in this place divided by the number of levels of this place that you have seen.
                   A       B       C       D       E      F
               +-------+-------+-------+-------+-------+----------------------
         Total | 100.0 | 100.0 |  -nan |  -nan | 100.0 |  85.6
       Dungeon |  74.8 |  74.8 |  -nan |  -nan |  77.1 |  82.5
       Ossuary |  25.2 |  25.2 |  -nan |  -nan |  22.9 |  98.0
               +-------+-------+-------+-------+-------+----------------------
